 Dungeon Crawl Stone Soup version 0.31-a0-889-g1a8549509d (webtiles) character file.

Game seed: 9291546756414897781

1614 Darius099 the Cleaver (level 8, 0/66 HPs)
             Began as a Minotaur Fighter on Oct 16, 2023.
             Slain by a hornet (6 damage)
             ... on level 6 of the Dungeon.
             The game lasted 00:24:56 (4905 turns).

Darius099 the Cleaver (Minotaur Fighter)            Turns: 4905, Time: 00:24:56

Health: 0/66       AC: 16    Str: 23    XL:     8   Next: 64%
Magic:  0/7        EV:  6    Int:  5    God:
Gold:   375        SH:  4    Dex: 10    Spells: 7/7 levels left

rFire   . . .        a - +0 war axe
rCold   . . .        c - +0 buckler
rNeg    . . .        q - +0 plate armour
rPois   .            (helmet restricted)
rElec   .            k - scarf {shadows}
rCorr   .            j - +2 pair of gloves
SInv    .            m - +0 pair of boots
Will    .....        t - amulet of guardian spirit Stlth
                     (no ring)
HPRegen 0.31/turn    (no ring)
MPRegen 0.10/turn

%: guardian spirit
@: slowed, very slow
A: horns 2, retaliatory headbutt
a: no special abilities


You were on level 6 of the Dungeon.
You visited 1 branch of the dungeon, and saw 6 of its levels.

You collected 375 gold pieces.

Inventory:

Hand Weapons
 a - a +0 war axe (weapon)
Missiles
 h - 2 throwing nets
Armour
 c - a +0 buckler (worn)
 j - a +2 pair of gloves (worn)
 k - a scarf of shadows (worn)
 m - a +0 pair of boots (worn)
 q - a +0 plate armour (worn)
Jewellery
 t - an amulet of guardian spirit (around neck)
Wands
 b - a wand of digging (7)
 o - a wand of paralysis (14)
Scrolls
 e - a scroll of enchant armour {unknown}
 g - a scroll of immolation {unknown}
 n - a scroll of teleportation {unknown}
 p - a scroll of silence {unknown}
 r - a scroll of fear {unknown}
 s - a scroll of poison {unknown}
Potions
 d - 2 potions of might
 f - a potion of heal wounds {unknown}
 l - 2 potions of mutation {unknown}


   Skills:
 - Level 3.9 Fighting
 + Level 12.9 Axes
 - Level 3.9 Armour
 - Level 4.0 Shields


You had 7 spell levels left.
You didn't know any spells.
Your spell library contained the following spells:

 Spells                   Type           Power      Damage    Failure   Level
 Poisonous Vapours        Pois/Air       0%         N/A       100%        2
 Inner Flame              Hex/Fire       0%         N/A       100%        3
 Mephitic Cloud           Conj/Pois/Air  0%         N/A       100%        3
 Freezing Cloud           Conj/Ice/Air   0%         6-21      100%        5
 Yara's Violent Unravell  Hex/Tmut       0%         3d3       100%        5
 Enfeeble                 Hex            0%         N/A       100%        7


Dungeon Overview and Level Annotations

Branches:
Dungeon (6/15)             Temple (0/1) D:5

Altars:
Dithmenos
Gozag
Kikubaaqudgha
The Shining One


Innate Abilities, Weirdness & Mutations

You have a pair of horns on your head.
You reflexively headbutt those who attack you in melee.


Message History

The hornet is severely wounded.
You block the hornet's attack. The hornet stings you.
You feel as though you will be slow longer.
You barely miss the hornet. Your headbutt misses the hornet.
The hornet is severely wounded.
The hornet stings you but does no damage. x3
You hit the hornet.
The hornet is severely wounded.
The hornet stings you but does no damage.
You hit the hornet but do no damage. Your headbutt misses the hornet.
The hornet is severely wounded.
The hornet stings you but does no damage. x2
You closely miss the hornet. You headbutt the hornet.
The hornet is almost dead.
The hornet stings you.
* * * LOW HITPOINT WARNING * * *
You feel as though you will be slow longer.
The hornet stings you but does no damage.
You barely miss the hornet.
The hornet is almost dead.
You block the hornet's attack. The hornet stings you!
* * * LOW HITPOINT WARNING * * *
You are lethally poisoned!
You feel as though you will be slow longer.
You feel better. You block the hornet's attack. The hornet stings you!
* * * LOW HITPOINT WARNING * * *
You are lethally poisoned!
You feel as though you will be slow longer.
You feel better.
The hornet stings you but does no damage. x2
You miss the hornet.
The hornet is severely wounded.
You block the hornet's attack. The hornet stings you!
* * * LOW HITPOINT WARNING * * *
You feel as though you will be slow longer.
You barely miss the hornet.
The hornet is severely wounded.
The hornet stings you but does no damage.
The hornet stings you.
You die...

#).....##.....
##....####....
##'### ####'
#####.# #.
#.....# #.
#.##### ##
###.# ###
#...# ##$#
#@..# #//#
#sy##.# ...$##
#5h #.# ..⌠[ #
so## ..# ... #


#fg ..+ .. # ..# .# ... # .. ..⌠[ # .# ...[## #. #!$# You could see a hornet, an
orc warrior, a black bear, a sleepcap, 2 scorpions, a gnoll and an ufetubus.

Vanquished Creatures
  A black bear (D:5)
  2 ogres
  2 ice beasts
  4 phantoms
  2 scorpions
  A howler monkey (D:5)
  7 hounds
  2 jellies (D:5)
  2 sleepcaps (D:4)
  3 iguanas
  11 gnolls
  9 adders
  3 shadow imps
  A white imp (D:6)
  3 ufetubi (D:6)
  5 worms
  3 dart slugs
  8 orcs
  5 bats
  7 endoplasms
  A giant cockroach (D:2)
  6 goblins
  5 hobgoblins
  5 jackals
  6 kobolds
  2 quokkas (D:4)
  5 frilled lizards
  7 rats
118 creatures vanquished.

Notes
Turn   | Place    | Note
-------+----------+-------------------------------------------
     0 | D:1      | Darius099 the Minotaur Fighter began the quest for the Orb.
     0 | D:1      | Reached XP level 1. HP: 19/19 MP: 0/0
   179 | D:1      | Found a faded altar of an unknown god.
   200 | D:1      | Reached XP level 2. HP: 27/27 MP: 1/1
   843 | D:2      | Reached skill level 3 in Axes
   978 | D:2      | Reached XP level 3. HP: 33/33 MP: 2/2
  1025 | D:2      | Reached skill level 4 in Axes
  1039 | D:2      | Reached XP level 4. HP: 10/40 MP: 3/3
  1535 | D:2      | Reached skill level 5 in Axes
  1812 | D:3      | Found an opulent altar of Gozag.
  1954 | D:3      | Noticed an ice beast
  1960 | D:3      | Killed an ice beast
  1961 | D:3      | Reached skill level 6 in Axes
  1961 | D:3      | Reached XP level 5. HP: 33/46 MP: 4/4
  2705 | D:4      | Noticed a phantom
  2709 | D:4      | Killed a phantom
  2710 | D:4      | Reached skill level 7 in Axes
  2710 | D:4      | Reached XP level 6. HP: 52/52 MP: 5/5
  2751 | D:4      | Found an ancient bone altar of Kikubaaqudgha.
  2886 | D:4      | Found a shadowy altar of Dithmenos.
  2948 | D:4      | Reached skill level 8 in Axes
  3469 | D:5      | Entered Level 5 of the Dungeon
  3565 | D:5      | Reached XP level 7. HP: 56/58 MP: 6/6
  3565 | D:5      | Upgraded the game from 0.31-a0-881-ge136f0c47a to
                  | 0.31-a0-889-g1a8549509d
  3573 | D:5      | Reached skill level 9 in Axes
  3889 | D:5      | Reached skill level 10 in Axes
  4298 | D:5      | Reached skill level 11 in Axes
  4298 | D:5      | Reached XP level 8. HP: 66/66 MP: 7/7
  4364 | D:5      | Found a staircase to the Ecumenical Temple.
  4402 | D:5      | Found a glowing golden altar of the Shining One.
  4575 | D:6      | Reached skill level 12 in Axes
  4880 | D:6      | Noticed a hornet
  4889 | D:6      | Paralysed by a hornet for 1 turns
  4905 | D:6      | Slain by a hornet

Illustrated notes

Levels and vault maps discovered:
D:1:      mrwooster_arrival_statue_2, layout_basic,
          hellmonk_ecumenical_altar_inner_sanctum
D:2:      layout_loops_ring
D:3:      layout_basic, nicolae_gozag_seed_capital
D:4:      layout_gridville, nicolae_overflow_hidden_temple,
          nicolae_dithmenos_shadow_blocks, minmay_crystal_room,
          minmay_tree_intersection, chequers_serial_rivers_micro_e
D:5:      kennysheep_six_static_rooms, layout_basic, marbit_many_paths,
          minmay_temple_entry_from_below_b
D:6:      wad_guarded_room, layout_cave_pools, st_stairs_14,
          hangedman_abyss_or_decor_passed

Skill      XL: |  1  2  3  4  5  6  7  8 |
---------------+-------------------------+-----
Shields        | 4 |  4.0
Axes           | 3 4 6 7 8 11 12 | 12.9
Fighting       | |  3.9
Armour         | |  3.9

Action                     |  1- 3 |  4- 6 |  7- 9 || total
---------------------------+-------+-------+-------++-------
  Melee: War axe           |    65 |    97 |   162 ||   324
         Headbutt          |    11 |    21 |    40 ||    72
    Use: Potion            |       |       |     4 ||     4
 Armour: Scale mail        |    50 |    54 |    25 ||   129
         Plate armour      |       |       |   118 ||   118
  Dodge: Dodged            |    30 |    29 |    38 ||    97
  Block: Buckler           |     9 |    10 |    43 ||    62

Table legend: (Time is in decaauts)
 A = Elapsed time spent in this place.
 B = Non-inter-level travel time spent in this place.
 C = Inter-level travel time spent in this place.
 D = Time resting spent in this place.
 E = Time spent auto-exploring this place.
 F = Levels seen in this place.
 G = Mean time per level.
                   A        B        C        D        E       F      G
               +--------+--------+--------+--------+--------+-----+--------+
         Total |   4948 |   4702 |    246 |    665 |   2743 |   6 |  824.7 |
       Dungeon |   4948 |   4702 |    246 |    665 |   2743 |   6 |  824.7 |
               +--------+--------+--------+--------+--------+-----+--------+

Top non-repeatable levels by time:
     D:5: 1034 daAuts
     D:2: 985 daAuts
     D:3: 898 daAuts
     D:1: 855 daAuts
     D:4: 770 daAuts
     D:6: 404 daAuts
